AoeStats
← joeya4

Oasis

509952797Analyzed
2v2 RM · 4d ago on Sep 28, 2026· 21m 22s· 4 players
Game mode
Random Map
Map size
Medium (4 player)
Population
200
Speed
Normal
Resources
Standard
Victory
Conquest
Starting age
Dark Age
Ending age
Imperial Age
RankedLock teamsTeams togetherTeam positionsShared explorationLock speedFull tech treeHidden civsTurbo modeCheats
Victory
Defeat
🇺🇸 Magyars · United States
1444
+16
🇺🇸 Vietnamese · United States
1430
+16
🇪🇸 Magyars · Spain
1444
-16
🇪🇸 Portuguese · Spain
1429
-16
[Kachop] Baryuan
7:16 Loom
9:57 Feudal Age
10:01 Man-at-Arms
15:53 Fletching
20:30 Castle Age
18:58 Gold Mining
19:24 Double-Bit Axe
20:27 Padded Archer Armor
elgrantato
8:57 Loom
12:17 Feudal Age
15:52 Castle Age
13:56 Horse Collar
21:58 Bloodlines
joeya4
6:50 Loom
9:25 Feudal Age
9:57 Double-Bit Axe
10:17 Horse Collar
18:52 Wheelbarrow
22:17 Castle Age
21:29 Gold Mining
FixiHartman
6:53 Loom
9:18 Feudal Age
12:34 Fletching
13:56 Padded Archer Armor
15:36 Horse Collar
15:42 Double-Bit Axe
22:53 Castle Age
Connection lost

Rejoining the realm…

Still unreachable

The connection could not be restored.

Session expired

The server has moved on; the page needs a fresh start.